 Dungeon Crawl Stone Soup version 0.28.0-62-gf88900778d (webtiles) character file.

Game seed: 9840585973011761352

195 cbfl8 the Chopper (level 5, -1/46 HPs)
             Began as a Hill Orc Fighter on May 26, 2023.
             Slain by an orc wizard
             ... wielding a +0 dagger of electrocution
              (20 damage)
             ... on level 4 of the Dungeon.
             The game lasted 00:02:16 (3002 turns).

cbfl8 the Chopper (Hill Orc Fighter)                Turns: 3002, Time: 00:02:17

Health: -1/46      AC:  9    Str: 21    XL:     5   Next: 74%
Magic:  5/5        EV:  9    Int: 14    God:
Gold:   112        SH:  4    Dex: 10    Spells: 4/4 levels left

rFire   . . .      SeeInvis .   a - +0 war axe
rCold   . . .      Faith    .   c - +0 buckler
rNeg    . . .      Spirit   .   b - +0 scale mail
rPois   .          Reflect  .   (no helmet)
rElec   .          Harm     .   (no cloak)
rCorr   .          Rampage  .   n - +1 pair of gloves
Will    .....                   (no boots)
Stlth   ..........              (no amulet)
HPRegen 0.15/turn               e - +6 ring of intelligence
MPRegen 0.09/turn               (no ring)

@: no status effects
A: no striking features
a: no special abilities


You were on level 4 of the Dungeon.
You visited 1 branch of the dungeon, and saw 4 of its levels.

You collected 112 gold pieces.

Inventory:

Hand Weapons
 a - a +0 war axe (weapon)
Armour
 b - a +0 scale mail (worn)
 c - a +0 buckler (worn)
 n - a +1 pair of gloves (worn)
Jewellery
 e - a +6 ring of intelligence (left hand)
Wands
 k - a wand of flame (14)
Scrolls
 f - 2 scrolls of teleportation {unknown}
 g - 2 scrolls of magic mapping {unknown}
 h - 3 scrolls of identify {unknown}
 i - a scroll of immolation {unknown}
 j - a scroll of noise {unknown}
 l - a scroll of enchant armour {unknown}
 o - a scroll of fog {unknown}
Potions
 d - 2 potions of might
 m - a potion of attraction {unknown}


   Skills:
 + Level 4.2 Fighting
 + Level 4.9 Axes
 + Level 4.1 Armour
 + Level 0.8 Dodging
 + Level 3.9 Shields
 * Level 1.9 Evocations


You had 4 spell levels left.
You didn't know any spells.
Your spell library contained the following spells:

 Spells                   Type           Power      Damage    Failure   Level
 Gell's Gravitas          Tloc           0%         N/A       96%         3
 Lesser Beckoning         Tloc           0%         N/A       96%         3
 Teleport Other           Tloc           0%         N/A       96%         3


Dungeon Overview and Level Annotations

Branches:
Dungeon (4/15)
 Temple: D:4-7

Altars:
Ashenzari
Trog


Message History

The goblin hits you but does no damage.
There is a stone staircase leading up here.
You slash the goblin!
You kill the goblin!
You barely miss the orc. x2; The orc hits you but does no damage.
The orc barely misses you.
The orc wizard casts a spell.
The orc wizard flickers and vanishes!
Deactivating autopickup; reactivate with Ctrl-A.
An orc comes into view. It is wielding a +0 club.
You barely miss the orc. You hit the orc. The orc hits you but does no damage.
The orc barely misses you. The orc hits you but does no damage.
Unknown command.
You hit the orc but do no damage. You barely miss something.
The orc hits you but does no damage. Something hits you but does no damage.
Unknown command.
You slash the orc!
You kill the orc!
You slash something! Something hits you but does no damage.
Unknown command.
You miss something. Something hits you but does no damage.
You are electrocuted!
Unknown command.
You miss something.
You hear some strange, mumbled words.
Something tries to affect you, but you resist.
Something hits you but does no damage.
Sorry, you're not good enough to have a special ability.
You miss something. Something hits you but does no damage.
Unknown command.
You closely miss something. Something hits you but does no damage.
Unknown command.
You hit something. Something hits you but does no damage. Something hits you.
You are electrocuted!
Unknown command.
You are too injured to fight recklessly!
Unknown command.
You closely miss something. Something hits you but does no damage.
Something hits you.
You are electrocuted!!
You die... ## # #)##o+ #)@{o# ####.# +

You could see 2 orcs.

Vanquished Creatures
  A hound (D:3)
  An orc priest (D:3)
  5 adders
  A worm (D:2)
  3 dart slugs (D:3)
  2 orcs
  14 ball pythons
  7 endoplasms
  3 giant cockroaches
  6 goblins
  4 hobgoblins
  9 jackals
  4 kobolds
  3 quokkas
  3 bats
  2 frilled lizards (D:1)
  4 rats
72 creatures vanquished.

Notes
Turn   | Place    | Note
-------+----------+-------------------------------------------
     0 | D:1      | cbfl8 the Hill Orc Fighter began the quest for the Orb.
     0 | D:1      | Reached XP level 1. HP: 19/19 MP: 1/1
    18 | D:1      | Found a faded altar of an unknown god.
    29 | D:1      | Reached XP level 2. HP: 18/27 MP: 2/2
   449 | D:1      | Reached XP level 3. HP: 33/33 MP: 3/3
  1634 | D:2      | Reached XP level 4. HP: 12/40 MP: 4/4
  1911 | D:3      | Found a broken altar of Ashenzari.
  1951 | D:3      | Reached skill level 1 in Evocations
  2137 | D:3      | Found a bloodstained altar of Trog.
  2339 | D:3      | Reached XP level 5. HP: 37/46 MP: 5/5
  3002 | D:4      | Slain by an orc wizard

Illustrated notes

Levels and vault maps discovered:
D:1:      lightli_arrival_farm, layout_basic,
          hellmonk_ecumenical_altar_dog_temple
D:2:      layout_rooms, ebering_dispersal_statue_hall
D:3:      layout_rooms, trog_three_pillars_becter,
          mainiacjoe_overflow_cross_hatched, minmay_snake_closets
D:4:      wander_river, layout_cave_pools, nicolae_overflow_quartered_altars,
          mainiacjoe_overflow_24_doors, pdpol_wu_jian_five_deadly_venoms,
          gammafunk_ghost_gnarly_gnolls, uniq_edmund, uniq_blork_the_orc

Skill      XL: |  1  2  3  4  5 |
---------------+----------------+-----
Axes           | 3 4 |  4.9
Evocations     | 1 |  1.9
Fighting       | 4 |  4.2
Armour         | 4 |  4.1
Dodging        | |  0.8
Shields        | |  3.9

Action                   |  1- 3 |  4- 6 || total
-------------------------+-------+-------++-------
Melee: War axe           |   100 |   113 ||   213
Armor: Scale mail        |    60 |    63 ||   123
Dodge: Dodged            |    66 |    62 ||   128
Block: Buckler           |    21 |    28 ||    49
